 Dungeon Crawl Stone Soup version 0.23.2 (webtiles) character file.

Game seed: 8271401182012948326

39 Menchi the Skirmisher (level 3, -8/33 HPs)
             Began as a Ghoul Fighter on Apr 6, 2019.
             Mangled by Sigmund
             ... wielding a +0 scythe
              (10 damage)
             ... on level 2 of the Dungeon.
             The game lasted 00:02:21 (967 turns).

Menchi the Skirmisher (Ghoul Fighter)                Turns: 967, Time: 00:02:22

Health: -8/33      AC:  8    Str: 21 (24) XL:     3   Next: 47%
Magic:  2/2        EV: 10    Int:  1 (4)  God:
Gold:   8          SH:  0    Dex:  6 (8)  Spells: 2/2 levels left

rFire    . . .     SeeInvis +   a - +0 long sword
rCold    + . .     Gourm    .   (no shield)
rNeg     + + +     Faith    .   b - +0 scale mail
rPois    ∞         Spirit   .   (no helmet)
rElec    .         Reflect  .   (no cloak)
rCorr    .         Harm     .   i - +1 pair of gloves
MR       .....                  (no boots)
Stlth    ..........             (no amulet)
HPRegen  0.00/turn              l - ring of see invisible
MPRegen  0.08/turn              (no ring)

@: confused, mighty, rotting
A: rotting body, claws 1, carnivore, cold resistance 1, negative energy
resistance 3, inhibited regeneration, torment resistance, unbreathing
a: no special abilities


You were on level 2 of the Dungeon.
You were not hungry.

You visited 1 branch of the dungeon, and saw 2 of its levels.

You collected 8 gold pieces.

Inventory:

Hand Weapons
 a - a +0 long sword (weapon)
Armour
 b - a +0 scale mail (worn)
 i - a +1 pair of gloves (worn)
Jewellery
 l - a ring of see invisible (left hand)
Scrolls
 e - 3 scrolls of identify {unknown}
 g - a scroll of random uselessness {unknown}
 k - a scroll of remove curse {unknown}
Potions
 j - a potion of berserk rage
Comestibles
 f - 3 rations


   Skills:
 * Level 4.0 Fighting
 * Level 2.5 Long Blades
 - Level 2.6 Armour
 * Level 1.0 Dodging
   Level 2.6 Shields


You had 2 spell levels left.
You didn't know any spells.
Your spell library was empty.

Dungeon Overview and Level Annotations

Branches:
Dungeon (2/15)

Altars:

Annotations:
D:2 Sigmund


Innate Abilities, Weirdness & Mutations

Your body is rotting away.
You thrive on raw meat.
You are immune to poison.
You have sharp fingernails.
You are carnivorous and can eat meat at any time.
Your flesh is cold resistant. (rC+)
You are immune to negative energy. (rN+++)
You do not regenerate when monsters are visible.
You are immune to unholy pain and torment.
You can survive without breathing.


Message History

Sigmund is severely wounded.
You closely miss Sigmund.
Sigmund is severely wounded.
Sigmund barely misses you.
You slash Sigmund!
Sigmund is almost dead.
Sigmund hits you with a +0 scythe.
You barely miss Sigmund.
Sigmund is almost dead.
Sigmund hits you with a +0 scythe.
You closely miss Sigmund.
Sigmund is almost dead.
Sigmund is suddenly surrounded by pale red light.
Sigmund casts a spell at you.
You are confused.
Sigmund closely misses you. Sigmund hits you with a +0 scythe!
* * * LOW HITPOINT WARNING * * *
Sigmund hits you from afar with a +0 scythe!
You die...

#.##### #
#.....#
##.....# .
#......# ..
#....#....
...
#....#.....
.... ###'###
....
.....#.....+
...
........@..#
...
.....#.....#
#### #...@.#
##.....#
.......#
%.......#
..........#
...........
...........#


You could see Sigmund.

Vanquished Creatures
  An ooze (D:1)
  A worm (D:1)
  3 dart slugs (D:1)
  A leopard gecko (D:1)
  3 goblins (D:1)
  3 hobgoblins (D:1)
  2 ball pythons (D:1)
  4 bats (D:1)
  A frilled lizard (D:1)
  3 kobolds (D:1)
  5 rats (D:1)
27 creatures vanquished.

Notes
Turn   | Place    | Note
-------+----------+-------------------------------------------
     0 | D:1      | Menchi the Ghoul Fighter began the quest for the Orb.
     0 | D:1      | Reached XP level 1. HP: 19/19 MP: 0/0
    68 | D:1      | Reached XP level 2. HP: 25/25 MP: 1/1
   297 | D:1      | Reached XP level 3. HP: 33/33 MP: 2/2
   517 | D:1      | Reached skill level 4 in Fighting
   591 | D:1      | Reached skill level 1 in Dodging
   940 | D:2      | Noticed Sigmund
   967 | D:2      | Mangled by Sigmund

Skill      XL: |  1  2  3 |
---------------+----------+-----
Long Blades    | 2 |  2.5
Fighting       | 4 |  4.0
Dodging        | 1 |  1.0
Armour         | |  2.6
Shields        | |  2.6

Action                   || total
-------------------------++-------
Melee: Long sword        ||    91
  Use: Potion            ||     3
  Eat: Chunk             ||    10
Armor: Scale mail        ||    50
Dodge: Dodged            ||    80
       Rpst.: Long sword ||    19
